Map: Prion Terraces

Players

Bcblond

  • Race: Zerg Zerg

SirDaiuuus - Winner!

  • Race: Terran Terran
  • League: Gold

VOD

Have the link to the VOD?

Description

Time

  • Played on: Jan. 31, 2016, 3:46 p.m.
  • Length: 11:05
Show
View Real Time Build Order
Export as new Build Order

Bcblond Zerg 

Build Orders: Hatch First 

Get SALT Encoding   

  12  0:02  Drone  
  13  0:12  Overlord  
  13  0:20  Drone  
  14  0:31  Drone x2  
  14  0:35  Drone  
  17  0:56  Drone, Hatchery  
  17  1:03  Extractor  
  16  1:05  Drone  
  17  1:22  Spawning Pool  
  17  1:25  Drone  
  17  1:36  Drone x2  
  19  1:51  Overlord  
  19  2:10  Queen x2  
  19  2:13  Metabolic Boost  
  24  2:15  Zergling x4  
  24  2:16  Zergling x4  
  27  2:29  Zergling x2  
  28  2:32  Baneling Nest  
  27  2:39  Drone x3  
  27  2:44  Drone  
  31  2:58  Drone x2  
  33  3:08  Overlord  
  33  3:12  Zergling x4  
  35  3:17  Baneling x3  
  35  3:19  Baneling, Zergling x2  
  36  3:26  Overlord  
  36  3:28  Zergling x8  
  36  3:30  Zergling x2  
  36  3:33  Baneling x2  
  41  3:38  Zergling x4  
  43  3:43  Zergling x2  
  41  3:55  Drone x5  
  46  4:01  Spore Crawler  
  45  4:06  Spore Crawler  
  44  4:13  Drone x2  
  44  4:14  Drone  
  47  4:21  Overlord  
  47  4:24  Drone  
  48  4:31  Lair  
  48  4:39  Drone  
  48  4:40  Roach Warren  
  45  4:53  Drone  
  46  5:04  Hatchery  
  45  5:10  Evolution Chamber  
  45  5:11  Drone x4  
  45  5:12  Extractor  
  45  5:35  Spore Crawler  
  44  5:47  Spore Crawler  
  42  5:50  Spore Crawler  
  42  5:55  Hydralisk Den  
  40  5:57  Spore Crawler  
  40  6:02  Drone x4  
  43  6:11  Spore Crawler  
  42  6:12  Spore Crawler  
  41  6:25  Hydralisk  
  41  6:29  Hydralisk  
  45  6:39  Spore Crawler  
  44  6:41  Drone  
  45  6:55  Spore Crawler, Hydralisk  
  45  6:56  Hydralisk x2  
  50  7:09  Overlord x2  
  50  7:14  Spore Crawler  
  48  7:29  Drone x6  
  54  7:33  Hydralisk x3  
  54  7:35  Spore Crawler, Hydralisk  
  59  7:54  Queen  
Show
View Real Time Build Order
Export as new Build Order

SirDaiuuus Terran - Winner!

Build Orders: 1/1/1 

Get SALT Encoding   

  12  0:01  SCV  
  13  0:13  SCV  
  14  0:19  Supply Depot  
  14  0:25  SCV  
  15  0:30  Refinery  
  15  0:40  SCV  
  16  0:46  Barracks  
  16  0:55  SCV  
  17  1:01  Refinery  
  17  1:07  SCV  
  18  1:19  SCV  
  19  1:31  SCV  
  20  1:39  Barracks Tech Lab  
  20  1:40  Factory  
  20  1:45  SCV  
  21  1:47  Supply Depot  
  21  2:01  Marine  
  21  2:08  Orbital Command  
  22  2:19  Marine  
  23  2:23  Starport  
  23  2:26  Factory Tech Lab  
  23  2:41  SCV  
  24  2:53  SCV  
  24  2:55  Siege Tank  
  28  3:00  Starport Tech Lab  
  28  3:05  Fusion Core  
  28  3:10  Marine  
  28  3:18  SCV  
  29  3:20  Supply Depot  
  29  3:28  Marine  
  29  3:30  SCV  
  31  3:45  Marine  
  32  4:02  Battlecruiser  
  38  4:04  Reaper  
  38  4:07  Supply Depot  
  39  4:28  Siege Tank  
  42  4:32  Supply Depot  
  42  4:35  Marine  
  43  4:39  Barracks  
  43  4:41  Barracks  
  43  4:53  Marine  
  44  5:11  Marine  
  45  5:15  Siege Tank  
  48  5:29  Marine  
  49  5:45  Battlecruiser  
  55  6:23  Supply Depot  
  55  6:44  Marine x3  
  55  6:45  Siege Tank  
  61  7:02  Marine x2  
  63  7:13  Weapon Refit  
  63  7:56  Marine  
Tags
 
Add a new tag
Caveats
  • Supply blocks, unpowered buildings, or Contaminate may cause inaccurate times.
  • Supply counts are checked every 10 seconds.